 Dungeon Crawl Stone Soup version 0.26-a0-652-gafc20e3620 (webtiles) character file.

Game seed: 2648705586672821279

72 GarryLv the Insei (level 4, -2/28 HPs)
             Began as an Octopode Transmuter on Oct 2, 2020.
             Slain by Grinder (6 damage)
             ... while paralysed by Grinder
             ... on level 3 of the Dungeon.
             The game lasted 00:21:22 (2364 turns).

GarryLv the Insei (Octopode Transmuter)             Turns: 2364, Time: 00:21:22

Health: -2/28      AC:  3    Str:  9    XL:     4   Next: 26%
Magic:  14/16      EV:  2    Int: 15    God:
Gold:   105        SH:  0    Dex: 15    Spells: 4/7 levels left

rFire    . . .     SeeInvis .     - Unarmed
rCold    + . .     Faith    .   (no shield)
rNeg     . . .     Spirit   .   (helmet restricted)
rPois    .         Reflect  .   (no amulet)
rElec    .         Harm     .   k - ring of magical power
rCorr    .         Rampage  .   (no ring)
MR       .....                  (no ring)
Stlth    ++........             (no ring)
HPRegen  0.09/turn              (no ring)
MPRegen  0.15/turn              (no ring)
                                (no ring)
                                (no ring)

@: paralysed, wereblooded
A: almost no armour, stealthy swim, amphibious, 8 rings, constrict 8, iridescent
scales 1, camouflage 1, agile 1, cold resistance 1, wild magic 1, gelatinous
body 1, evolution 1
a: no special abilities


You were on level 3 of the Dungeon.
You visited 1 branch of the dungeon, and saw 3 of its levels.

You collected 105 gold pieces.

Inventory:

Hand Weapons
 a - a +0 short sword
 d - a +0 falchion
 f - a +0 short sword
 i - a +0 spear
Missiles
 m - 8 boomerangs (quivered)
Jewellery
 k - a ring of magical power (left tentacle)
Scrolls
 e - a scroll of identify {unknown}
 h - a scroll of fog
 j - a scroll of remove curse
 l - a scroll of teleportation {unknown}
Potions
 b - a potion of lignification {unknown}
 c - a potion of mutation
 g - a potion of haste


   Skills:
 * Level 1.4 Fighting
 + Level 0.5 Throwing
 * Level 3.1 Dodging
 + Level 0.2 Stealth
 * Level 3.7 Unarmed Combat
 + Level 2.2 Spellcasting
 + Level 2.0 Transmutations


You had 4 spell levels left.
You knew the following spells:

 Your Spells              Type           Power        Failure   Level
a - Beastly Appendage     Tmut           ##....       14%         1
b - Wereblood             Tmut           ##......     21%         2

Your spell library contained the following spells:

 Spells                   Type           Power        Failure   Level
 Spider Form              Tmut/Pois      #.........   47%         3
 Ice Form                 Ice/Tmut       #.......     86%         4
 Blade Hands              Tmut           ##........   97%         5


Dungeon Overview and Level Annotations

Branches:
Dungeon (3/15)

Altars:
Ru

Annotations:
D:3 Grinder


Innate Abilities, Weirdness & Mutations

You cannot wear most types of armour.
You are very stealthy in the water. (Stealth+)
You are amphibious.
You can wear up to eight rings at the same time.
You can use your tentacles to constrict eight enemies at once.
Your skin changes colour to match your surroundings (Stealth+).
Your rubbery body absorbs attacks. (AC +1, EV +1)
You are partially covered in iridescent scales. (AC +2)
You are agile. (Dex +2)
Your flesh is cold resistant. (rC+)
Your spells are a little harder to cast, but a little more powerful.
You evolve.


Message History

You tentacle-slap Grinder but do no damage.
You squeeze Grinder.
Grinder is lightly wounded.
You constrict Grinder.
You tentacle-slap Grinder but do no damage.
You squeeze Grinder!
Grinder is moderately wounded.
You constrict Grinder. Grinder hits you.
You writhe in agony.
You tentacle-slap Grinder.
Grinder is heavily wounded.
You constrict Grinder. Grinder gestures at you.
You suddenly lose the ability to move!
You lose your grip on Grinder.
Grinder hits you!
* * * LOW HITPOINT WARNING * * *
You writhe in agony.
* * * LOW HITPOINT WARNING * * *
Grinder hits you but does no damage. Grinder hits you.
You die...

##### ..... ..... ....)
#.######## # ..... #....5@..#.#
..... ########.#.# ....
.......(..# ... #########
#######.###.########## #.....#.#
###......###...........
##.##.#.###...........#####......
#.........#.#.####....# #.#####
###.#.###...#... .....# #......
#..........#######...# #......


You could see Grinder.

Vanquished Creatures
  2 adders (D:3)
  A dart slug (D:2)
  A leopard gecko (D:2)
  An orc (D:3)
  2 giant cockroaches
  6 goblins
  7 hobgoblins
  4 jackals (D:2)
  A quokka (D:3)
  8 bats
  5 frilled lizards
  5 kobolds
  6 rats
49 creatures vanquished.

Notes
Turn   | Place    | Note
-------+----------+-------------------------------------------
     0 | D:1      | GarryLv the Octopode Transmuter began the quest for the
                  | Orb.
     0 | D:1      | Reached XP level 1. HP: 13/13 MP: 3/3
    39 | D:2      | Gained mutation: Your flesh is cold resistant. (rC+)
                  | [potion of mutation]
    39 | D:2      | Gained mutation: You evolve. [potion of mutation]
    39 | D:2      | Gained mutation: You are agile. (Dex +2) [potion of
                  | mutation]
    39 | D:2      | Gained mutation: You are partially covered in iridescent
                  | scales. (AC +2) [potion of mutation]
   192 | D:2      | Reached XP level 2. HP: 13/18 MP: 5/5
   599 | D:1      | Reached XP level 3. HP: 20/23 MP: 6/6
  1047 | D:1      | Learned a level 2 spell: Wereblood
  1586 | D:3      | Reached XP level 4. HP: 28/28 MP: 7/7
  1660 | D:3      | Found a sacrificial altar of Ru.
  2332 | D:3      | Gained mutation: Your spells are a little harder to cast,
                  | but a little more powerful. [evolution]
  2353 | D:3      | Noticed Grinder
  2361 | D:3      | Paralysed by Grinder for 4 turns
  2364 | D:3      | Slain by Grinder

Illustrated notes

Levels and vault maps discovered:
D:1:      saegor_arrival_simple_d, layout_basic, st_stairs_11,
          minmay_pentomino_q2
D:2:      minmay_angry_zag, layout_basic, minmay_fractal_squares_gapless_5
D:3:      layout_basic, nicolae_ru_sacrificial_ziggurat, uniq_terence,
          uniq_grinder

Skill      XL: |  1  2  3 |
---------------+----------+-----
Dodging        | 3 |  3.1
Fighting       | |  1.4
Throwing       | |  0.5
Stealth        | |  0.2
Unarmed Combat | |  3.7
Spellcasting   | |  2.2
Transmutations | |  2.0

Action                   |  1- 3 |  4- 6 || total
-------------------------+-------+-------++-------
Melee: Unarmed           |   108 |    21 ||   129
       Constrict         |    26 |     4 ||    30
       Tentacles         |    21 |     2 ||    23
       Punch             |     2 |       ||     2
Throw: Dart              |    11 |     1 ||    12
       Boomerang         |       |     4 ||     4
 Cast: Wereblood         |       |     2 ||     2
  Use: Scroll            |     3 |       ||     3
       Potion            |     2 |       ||     2
 Stab: Sleeping          |     1 |     1 ||     2
Armor: Skin              |    20 |     3 ||    23
Dodge: Dodged            |    87 |    13 ||   100

Table legend: (Time is in decaauts)
 A = Elapsed time spent in this place.
 B = Non-inter-level travel time spent in this place.
 C = Inter-level travel time spent in this place.
 D = Time resting spent in this place.
 E = Time spent auto-exploring this place.
 F = Levels seen in this place.
 G = Mean time per level.
                   A        B        C        D        E       F      G
               +--------+--------+--------+--------+--------+-----+--------+
         Total |   2339 |   2290 |     49 |    648 |      0 |   3 |  779.7 |
       Dungeon |   2339 |   2290 |     49 |    648 |      0 |   3 |  779.7 |
               +--------+--------+--------+--------+--------+-----+--------+

Top non-repeatable levels by time:
     D:3: 1009 daAuts
     D:2: 681 daAuts
     D:1: 649 daAuts
